 Dungeon Crawl Stone Soup version 0.24-a0-375-g4de66ed42b (webtiles) character file.

Game seed: 9594449155448070895

311 ohad the Changer (level 6, -1/38 HPs)
             Began as an Octopode Transmuter on May 31, 2019.
             Succumbed to Robin's poison
             ... on level 3 of the Dungeon.
             The game lasted 00:06:21 (3554 turns).

ohad the Changer (Octopode Transmuter)              Turns: 3554, Time: 00:06:22

Health: -1/38      AC:  1    Str:  9    XL:     6   Next: 42%
Magic:  9/11       EV: 13    Int: 22    God:
Gold:   164        SH:  0    Dex: 13    Spells: 2/12 levels left

rFire    . . .     SeeInvis .     - Unarmed
rCold    . . .     Gourm    .   (no shield)
rNeg     . . .     Faith    .   (helmet restricted)
rPois    .         Spirit   .   (no amulet)
rElec    .         Reflect  .   (no ring)
rCorr    .         Harm     .   (no ring)
MR       .....                  (no ring)
Stlth    ++........             (no ring)
HPRegen  0.12/turn              (no ring)
MPRegen  0.12/turn              (no ring)
                                (no ring)
                                (no ring)

@: brilliant, lethally poisoned (-1 -> -31)
A: almost no armour, stealthy swim, amphibious, 8 rings, constrict 8, camouflage
1, gelatinous body 1
a: no special abilities


You were on level 3 of the Dungeon.
You were very hungry.

You visited 1 branch of the dungeon, and saw 3 of its levels.

You collected 164 gold pieces.

Inventory:

Hand Weapons
 l - a +3 hand axe
Missiles
 a - 26 arrows
 b - 18 poisoned darts (quivered)
 d - 5 boomerangs
Wands
 o - a wand of flame (4)
 r - a wand of digging (4)
Scrolls
 e - a scroll of enchant armour {unknown}
 f - a scroll of remove curse {unknown}
 g - 3 scrolls of identify {unknown}
 h - 2 scrolls of blinking {unknown}
 i - a scroll of noise {unknown}
 m - a scroll of teleportation {unknown}
 n - a scroll of fog {unknown}
Potions
 j - a potion of brilliance
 k - a potion of might {unknown}
 p - 2 potions of berserk rage {unknown}
 q - 2 potions of heal wounds {unknown}
 s - a potion of curing {unknown}
Comestibles
 c - 4 rations


   Skills:
 - Level 1.0 Fighting
 - Level 2.0 Dodging
 - Level 3.0 Unarmed Combat
 + Level 3.5 Spellcasting
 * Level 4.5 Transmutations
 - Level 3.0 Ice Magic


You had 2 spell levels left.
You knew the following spells:

 Your Spells              Type           Power        Failure   Level  Hunger
a - Beastly Appendage     Tmut           #####.       1%          1    None
b - Sticks to Snakes      Tmut           #####...     1%          2    ##.....
c - Spider Form           Tmut/Pois      ####......   1%          3    ###....
d - Ice Form              Ice/Tmut       ####....     3%          4    ####...

Your spell library contained the following spells:

 Spells                   Type           Power        Failure   Level  Hunger
 Blade Hands              Tmut           #####.....   6%          5    ######.


Dungeon Overview and Level Annotations

Branches:
Dungeon (3/15)

Altars:
Ru

Annotations:
D:3 Robin


Innate Abilities, Weirdness & Mutations

You cannot wear most types of armour.
You are very stealthy in the water. (Stealth+)
You are amphibious.
You can wear up to eight rings at the same time.
You can use your tentacles to constrict eight enemies at once.
Your skin changes colour to match your surroundings (Stealth+).
Your rubbery body absorbs attacks. (AC +1, EV +1)


Message History

You hit the hobgoblin.
The hobgoblin is severely wounded.
You feel sick. The hobgoblin misses you.
You feel sick.
You closely miss the hobgoblin.
The hobgoblin is severely wounded.
You feel sick.
The hobgoblin no longer looks unusually strong.
Robin hits you from afar with a +2 spear of venom!
* * * LOW HITPOINT WARNING * * *
You are more poisoned.
The hobgoblin completely misses you.
Your transformation has ended.
* * * LOW HITPOINT WARNING * * *
You feel very sick.
Robin roars a battlecry!
The hobgoblin goes into a battle-frenzy!
It was a potion of brilliance.
You feel clever all of a sudden.
You die...

#### ########....# ####
####...#########......'....# #...
.......#[......#'######....# #.##
.......#...................###.#
.......#.......................##
.....# #######.........#'##......
.....###########'#######.##....##
.................................
..##...#.......#@####.##......###
..##...#.......#g##.#.##......#.#
#..#...#.......#.#.##.###...#.#.#
#..#...#.......#.g# #.#######.#.#
#..............#.## #.#.......#..
..........#####..# #.#.#........
..........# ##.#.# #.#.#........
..........###.##)# #.#.#..###...
................)# #.#.#..#.....


You could see Robin and a hobgoblin.

Vanquished Creatures
  2 orc wizards (D:3)
  Natasha (thrice) (D:3)
  Terence (D:2)
  9 adders
  A worm (D:2)
  A dart slug (D:1)
  A leopard gecko (D:2)
  2 orcs (D:3)
  3 ball pythons (D:2)
  A giant cockroach (D:1)
  11 goblins
  7 hobgoblins
  4 jackals (D:2)
  10 kobolds
  2 quokkas
  4 bats
  3 frilled lizards
  5 rats
70 creatures vanquished.

Vanquished Creatures (collateral kills)
  An orc (D:3)
  A bat (D:3)
2 creatures vanquished.

Vanquished Creatures (others)
  An orc wizard (D:3)
1 creature vanquished.

Grand Total: 73 creatures vanquished

Notes
Turn   | Place    | Note
-------+----------+-------------------------------------------
     0 | D:1      | ohad the Octopode Transmuter began the quest for the Orb.
     0 | D:1      | Reached XP level 1. HP: 13/13 MP: 3/3
   403 | D:1      | Reached XP level 2. HP: 12/18 MP: 5/5
   980 | D:2      | Reached skill level 3 in Transmutations
   980 | D:2      | Reached XP level 3. HP: 15/23 MP: 4/6
  1337 | D:2      | Learned a level 2 spell: Sticks to Snakes
  1419 | D:2      | Learned a level 3 spell: Spider Form
  1642 | D:2      | Reached XP level 4. HP: 28/28 MP: 6/8
  1671 | D:2      | Noticed Terence
  1691 | D:2      | Killed Terence
  1906 | D:2      | Reached skill level 4 in Transmutations
  2033 | D:3      | Reached XP level 5. HP: 31/33 MP: 7/9
  2211 | D:3      | Learned a level 4 spell: Ice Form
  2357 | D:3      | Reached skill level 1 in Ice Magic
  2390 | D:3      | Noticed Natasha
  2402 | D:3      | Killed Natasha
  2651 | D:3      | Found a faded altar of an unknown god.
  2668 | D:3      | Reached XP level 6. HP: 9/38 MP: 9/11
  2928 | D:3      | Found a sacrificial altar of Ru.
  2972 | D:3      | Noticed Natasha
  2985 | D:3      | Killed Natasha
  3073 | D:3      | Noticed Natasha
  3082 | D:3      | Killed Natasha
  3507 | D:3      | Noticed Robin
  3553 | D:3      | HP: 1/38 [poisoned by Robin]
  3554 | D:3      | Succumbed to Robin's poison

Levels and vault maps discovered:
D:1:      minmay_arrival_four_circles, layout_basic
D:2:      minmay_wonky_spiral, layout_rooms, minmay_octomino_e4, uniq_terence
D:3:      kennysheep_big_flooded_room, layout_basic,
          chequers_ecumenical_altar_simple, nicolae_ru_awakened_eye, uniq_robin,
          uniq_natasha, uniq_grinder

Skill      XL: |  1  2  3  4  5 |
---------------+----------------+-----
Transmutations | 3 4 |  4.5
Spellcasting   | 3 |  3.5
Ice Magic      | 3 |  3.0
Fighting       | |  1.0
Dodging        | |  2.0
Unarmed Combat | |  3.0

Action                   |  1- 3 |  4- 6 || total
-------------------------+-------+-------++-------
Melee: Unarmed           |    71 |   100 ||   171
       Constrict         |    22 |    14 ||    36
       Kick              |     9 |     7 ||    16
       Tentacles         |     8 |     6 ||    14
       Punch             |     1 |     1 ||     2
 Cast: Beastly Appendage |    15 |     8 ||    23
       Spider Form       |       |     6 ||     6
       Sticks to Snakes  |       |     3 ||     3
  Use: Potion            |       |     1 ||     1
 Stab: Sleeping          |     3 |     5 ||     8
       Distracted        |     1 |       ||     1
  Eat: Chunk             |     2 |     6 ||     8
Armor: Skin              |     8 |     5 ||    13
Dodge: Dodged            |    36 |    57 ||    93

Table legend:
 A = Non-vault XP
 B = Vault XP
 C = Vault XP percentage of total XP
 D = Non-vault monster count
 E = Vault monster count
 F = Vault count percentage of total count
                 A         B        C        D         E       F
            +---------+---------+-------+---------+---------+-------
      Total |     358 |      87 |  19.6 |      59 |      14 |  19.2
            +---------+---------+-------+---------+---------+-------
        D:1 |      30 |       0 |   0.0 |      18 |       0 |   0.0
        D:2 |      88 |      37 |  29.6 |      22 |       5 |  18.5
        D:3 |     240 |      50 |  17.2 |      19 |       9 |  32.1
            +---------+---------+-------+---------+---------+-------
